cohdb
Replays
Latest Replays
All Replays
Popular Replays
Top Player Replays
Match Explorer
How It Works
Community
CoH3 Stats
Reddit
Sign in to upload your games and track your stats! →
Sign in with Steam
Match 45840115
Unlisted
Match 45840115
Overview
Messages
Build Orders
End
Selects Italian Coastal Battlegroup
Selects Coastal Reserves
Coastal Reserve
Construct Infanterie Kompanie
Coastal Reserve
MG 42 Machine Gun Team
GrW 34 Mortar Team
GrW 34 Mortar Team
Selects Artillery Officer
MG 42 Bunker
Construct Panzergrenadier Kompanie
Infanterie Officer Quarters
251 Medium Carrier
Coastal Reserve
Medical Bunker
MG 42 Bunker
Selects Support Bunkers
Selects Designated Artillery Overwatch
MG 42 Bunker
MG 42 Bunker
Selects Obice da 210/22 Artillery Emplacement
Pioneer Squad
Selects Bulwark
Designated Artillery Overwatch
Artillery Officer
Coastal Reserve
Coastal Reserve
catcher19
Jerking Hans
cumsader
Codex
Laughing Sun
WaterBoy
Dark Lord Cthulhu
Pain_Reliever
0
0
Comments
sign in to comment!
No comments posted yet!